 Dungeon Crawl Stone Soup version 0.29.0-4-gdea44cf6ec (webtiles) character file.

Game seed: 2878927080075743900

76 qw the Chopper (level 4, -2/26 HPs)
             Began as a Tengu Warper on Aug 29, 2022.
             Succumbed to a scorpion's poison
             ... on level 3 of the Dungeon.
             The game lasted 00:00:45 (2728 turns).

qw the Chopper (Tengu Warper)                       Turns: 2728, Time: 00:00:45

Health: -2/26      AC:  6    Str: 13    XL:     4   Next: 32%
Magic:  8/8        EV:  9    Int: 13    God:
Gold:   117        SH:  0    Dex: 14    Spells: 7/7 levels left

rFire   . . .      SeeInvis .   Y - +0 hand axe
rCold   . . .      Faith    .   (no shield)
rNeg    . . .      Spirit   .   k - +0 scale mail
rPois   .          Reflect  .   (helmet restricted)
rElec   .          Harm     .   (no cloak)
rCorr   .          Rampage  .   (no gloves)
Will    .....                   (boots unavailable)
Stlth   ..........              (no amulet)
HPRegen 0.08/turn               (no ring)
MPRegen 0.11/turn               (no ring)

@: lethally poisoned (-2 -> -21)
A: beak, talons 3
a: no special abilities


You were on level 3 of the Dungeon.
You visited 1 branch of the dungeon, and saw 3 of its levels.

You collected 117 gold pieces.


Innate Abilities, Weirdness & Mutations

You have a beak for a mouth.
You have claws for feet.


   Skills:
 - Level 2.0 Fighting
 + Level 4.9 Axes
 - Level 1.0 Throwing
 - Level 1.1 Armour
 - Level 2.1 Dodging
 - Level 2.0 Spellcasting
 - Level 2.4 Translocations


You had 7 spell levels left.
You didn't know any spells.
Your spell library contained the following spells:

 Spells                   Type           Power      Damage    Failure   Level
 Blink                    Tloc           14%        N/A       56%         2
 Gell's Gravitas          Tloc           7%         N/A       80%         3
 Lesser Beckoning         Tloc           7%         N/A       80%         3
 Teleport Other           Tloc           7%         N/A       80%         3
 Manifold Assault         Tloc           7%         N/A       100%        5

Inventory:

Hand Weapons
 h - a +0 whip
 Y - a +0 hand axe (weapon)
Missiles
 c - 3 boomerangs (quivered)
Armour
 k - a +0 scale mail (worn)
Jewellery
 l - a ring of fire
Potions
 b - a potion of might {unknown}
 d - a potion of curing {unknown}

Dungeon Overview and Level Annotations

Branches:
Dungeon (3/15)

Altars:


Message History

You hit the scorpion. The goblin barely misses you.
The scorpion barely misses you.
You hit the goblin.
You kill the goblin!
You hit the scorpion but do no damage. The scorpion stings you.
You are lethally poisoned!
The scorpion poisons you!
You hit the scorpion but do no damage. You claw the scorpion.
The scorpion is heavily wounded.
You feel very sick. The scorpion stings you.
The scorpion stings you but does no damage.
You hit the scorpion but do no damage. You peck the scorpion.
The scorpion is heavily wounded.
You feel sick. The scorpion barely misses you.
2724 ||| DRINKING potion of heal wounds.
You feel much better.
You feel sick. The scorpion stings you.
You are lethally poisoned!
The scorpion poisons you!
You hit the scorpion but do no damage. You claw the scorpion.
The scorpion is heavily wounded.
You feel very sick.
The scorpion stings you but does no damage.
You hit the scorpion. You claw the scorpion. You peck the scorpion.
The scorpion is almost dead.
You feel very sick.
The scorpion stings you but does no damage.
The scorpion stings you.
You are more poisoned.
The scorpion poisons you!
You hit the scorpion but do no damage.
You peck the scorpion, but do no damage.
The scorpion is almost dead.
You feel very sick. The scorpion stings you.
You hit the scorpion.
You kill the scorpion!
You die...

##..... .## ..... ....
..... #...##...##
...#......##.####...####
....?.....##..##....(...
........!...............
......)@...# !..........
............$#..........
...........#..?.........
...........##...........
...........# #<.......
..........## #........
...#.....## #.%......
########## #........
#########


There were no monsters in sight!

Vanquished Creatures
  A scorpion (D:3)
  2 adders
  2 worms (D:2)
  2 dart slugs
  6 ball pythons
  2 bats (D:1)
  3 endoplasms
  3 giant cockroaches (D:2)
  7 goblins
  4 hobgoblins
  A quokka (D:2)
  3 frilled lizards
  7 kobolds
  2 rats
45 creatures vanquished.

Notes
Turn   | Place    | Note
-------+----------+-------------------------------------------
     0 | D:1      | qw the Tengu Warper began the quest for the Orb.
     0 | D:1      | Reached XP level 1. HP: 12/12 MP: 4/4
     0 | D:1      | 0 ||| qw: Version: 0.1-a-89-g26bdef1
     0 | D:1      | 0 ||| qw: Game counter: 3528
     0 | D:1      | 0 ||| qw: Always use a shield: true
     0 | D:1      | 0 ||| qw: God list: Okawaru
     0 | D:1      | 0 ||| qw: Allow faded altars: false
     0 | D:1      | 0 ||| qw: Do Orc after D:15 true
     0 | D:1      | 0 ||| qw: Do second Lair branch before Depths: true
     0 | D:1      | 0 ||| qw: Lair rune preference: random
     0 | D:1      | 0 ||| qw: Plans: Normal
     0 | D:1      | 0 ||| PLANNING D:1-11
   439 | D:1      | Reached XP level 2. HP: 15/17 MP: 6/6
   507 | D:1      | Reached skill level 3 in Axes
   551 | D:1      | 551 ||| Stepping ~*~*~tactically~*~*~ (stealth).
  1160 | D:1      | 1160 ||| UPGRADING to +0 ring mail.
  1170 | D:1      | 1170 ||| DROPPING +0 leather armour.
  1171 | D:1      | 1171 ||| UPGRADING to +0 scale mail.
  1181 | D:1      | 1181 ||| DROPPING +0 ring mail.
  1182 | D:1      | 1182 ||| READING 2 scrolls labelled ESKIMNUAL.
  1183 | D:1      | 1183 ||| READING 2 scrolls labelled QUKKUOR HARCH.
  1186 | D:1      | 1186 ||| DRINKING 2 sapphire potions.
  1187 | D:1      | 1187 ||| DRINKING 2 coppery potions.
  1232 | D:1      | 1232 ||| DROPPING scroll of amnesia.
  1233 | D:1      | 1233 ||| DROPPING scroll of blinking.
  1234 | D:1      | 1234 ||| DROPPING potion of lignification.
  1270 | D:2      | Reached XP level 3. HP: 20/21 MP: 7/7
  1360 | D:2      | 1360 ||| Stepping ~*~*~tactically~*~*~ (stealth).
  1361 | D:2      | 1361 ||| Stepping ~*~*~tactically~*~*~ (stealth).
  1425 | D:2      | Reached skill level 4 in Axes
  1430 | D:2      | 1430 ||| Stepping ~*~*~tactically~*~*~ (stealth).
  1454 | D:2      | 1454 ||| FLEEEEING.
  1478 | D:2      | 1478 ||| FLEEEEING.
  1481 | D:2      | 1481 ||| STAIRDANCE
  1593 | D:1      | 1593 ||| READING scroll labelled ZELUNUUCEI.
  1632 | D:2      | 1632 ||| FLEEEEING.
  1633 | D:2      | 1633 ||| FLEEEEING.
  1651 | D:2      | 1651 ||| Stepping ~*~*~tactically~*~*~ (stealth).
  1998 | D:2      | Reached XP level 4. HP: 20/26 MP: 8/8
  2078 | D:2      | Found a faded altar of an unknown god.
  2452 | D:2      | 2452 ||| READING scroll labelled SIWIUX DIFEGUS.
  2453 | D:2      | 2453 ||| READING scroll labelled IGI TIDWIDDAUM.
  2554 | D:2      | 2554 ||| DRINKING 3 fuming blue potions.
  2659 | D:2      | 2659 ||| DROPPING 2 potions of berserk rage.
  2710 | D:3      | HP: 6/26 [adder (3)]
  2711 | D:3      | 2711 ||| READING scroll of teleportation.
  2712 | D:3      | 2712 ||| DRINKING 2 potions of heal wounds.
  2714 | D:3      | Noticed a scorpion
  2723 | D:3      | HP: 6/26 [poisoned by a scorpion]
  2724 | D:3      | 2724 ||| DRINKING potion of heal wounds.
  2727 | D:3      | HP: 2/26 [scorpion (2)]
  2728 | D:3      | Killed a scorpion
  2728 | D:3      | Succumbed to a scorpion's poison

Levels and vault maps discovered:
D:1:      lightli_arrival_lavapool, layout_basic
D:2:      layout_basic, shapermc_ecumenical_altar_notcrosses,
          grunt_decor_fettered
D:3:      layout_rooms

Skill      XL: |  1  2  3 |
---------------+----------+-----
Axes           | 3 4 |  4.9
Fighting       | |  2.0
Throwing       | |  1.0
Armour         | |  1.1
Dodging        | |  2.1
Spellcasting   | |  2.0
Translocations | |  2.4

Action                   |  1- 3 |  4- 6 || total
-------------------------+-------+-------++-------
Melee: Hand axe          |    70 |    30 ||   100
       Kick              |    14 |     7 ||    21
       Peck              |     9 |     5 ||    14
       Punch             |       |     1 ||     1
Throw: Boomerang         |    17 |     3 ||    20
  Use: Scroll            |     3 |     3 ||     6
       Potion            |     2 |     3 ||     5
Armor: Leather armour    |     4 |       ||     4
       Scale mail        |    13 |    14 ||    27
Dodge: Dodged            |    32 |    16 ||    48

Table legend:
 A = Non-vault XP
 B = Vault XP
 C = Vault XP percentage of total XP
 D = Non-vault monster count
 E = Vault monster count
 F = Vault count percentage of total count
                 A         B        C        D         E       F
            +---------+---------+-------+---------+---------+-------
      Total |     192 |       0 |   0.0 |      45 |       0 |   0.0
            +---------+---------+-------+---------+---------+-------
        D:1 |      27 |       0 |   0.0 |      16 |       0 |   0.0
        D:2 |      60 |       0 |   0.0 |      23 |       0 |   0.0
        D:3 |     105 |       0 |   0.0 |       6 |       0 |   0.0
            +---------+---------+-------+---------+---------+-------
